 Dungeon Crawl Stone Soup version 0.18.1-48-g4cf74bf (webtiles) character file.

704 helerian the Covered (level 7, 0/60 HPs)
             Began as a Minotaur Berserker on Aug 9, 2016.
             Was a Priest of Trog.
             Slain by an orc wizard
             ... wielding a +2 dagger of freezing
              (1 damage)
             ... on level 4 of the Dungeon.
             The game lasted 00:28:17 (3018 turns).

helerian the Covered (Minotaur Berserker)           Turns: 3018, Time: 00:28:18

Health: 0/60       AC:  9    Str: 23    XL:     7   Next: 39%
Magic:  6/6        EV: 11    Int:  5    God:    Trog [***...]
Gold:   201        SH:  3    Dex:  9    Spells: 0 memorised, 6 levels left

rFire  . . .     SeeInvis .     a - +1 hand axe
rCold  . . .     Gourm    .     l - +0 scale mail
rNeg   . . .     Faith    .     p - +0 buckler
rPois  .         Spirit   .     (helmet restricted)
rElec  .         Dismiss  .     q - +1 cloak {+Inv}
rCorr  .         Reflect  .     (no gloves)
SustAt .         Harm     .     (no boots)
MR     .....                    (no amulet)
Stlth  ..........               (no ring)
                                (no ring)

@: exhausted, slowed, very slow, not resistant to hostile enchantments,
extremely unstealthy
A: retaliatory headbutt, horns 2
a: Berserk, Trog's Hand, Burn Spellbooks, Renounce Religion, Evoke Invisibility


You were on level 4 of the Dungeon.
You worshipped Trog.
Trog was most pleased with you.
You were very hungry.

You visited 1 branch of the dungeon, and saw 6 of its levels.

You collected 201 gold pieces.

Inventory:

Hand Weapons
 a - a +1 hand axe (weapon)
Missiles
 d - 13 sling bullets
 n - a throwing net (quivered)
Armour
 b - a +0 animal skin
 i - a +0 leather armour
 l - a +0 scale mail (worn)
 p - a +0 buckler (worn)
 q - a +1 cloak of invisibility (worn)
Scrolls
 c - a scroll of amnesia {unknown}
 e - 2 scrolls of blinking
 g - a scroll of teleportation
 h - 6 scrolls of identify
 r - a scroll of fog {unknown}
Potions
 f - a potion of berserk rage {unknown}
 j - a potion of mutation {unknown}
 k - a potion of might {unknown}
 m - a potion of brilliance {unknown}
 o - a potion of agility {unknown}
 s - a potion of invisibility {unknown}


   Skills:
 + Level 4.6 Fighting
 + Level 5.9 Axes
 + Level 2.1 Throwing
 + Level 6.0 Armour
 + Level 4.3 Dodging
 + Level 1.0 Stealth
 + Level 1.2 Shields


You had 6 spell levels left.
You didn't know any spells.

Dungeon Overview and Level Annotations

Branches:
Dungeon (6/15)
 Temple: D:4-7

Altars:
Vehumet

Annotations:
D:6 Grinder


Innate Abilities, Weirdness & Mutations

You reflexively headbutt those who attack you in melee.
You have a pair of horns on your head.


Message History

You hit the orc wizard. You headbutt the orc wizard.
The orc wizard is moderately wounded.
The orc wizard hits you with a dagger of freezing.
* * * LOW HITPOINT WARNING * * *
The orc wizard freezes you.
* * * LOW HITPOINT WARNING * * *
The orc wizard hits you with a dagger of freezing.
* * * LOW HITPOINT WARNING * * *
The orc wizard freezes you.
* * * LOW HITPOINT WARNING * * *
You hit the orc wizard.
The orc wizard is severely wounded.
The orc wizard barely misses you. You furiously retaliate!
You headbutt the orc wizard, but do no damage.
You barely miss the orc wizard.
The orc wizard is severely wounded.
The orc wizard hits you with a dagger of freezing.
* * * LOW HITPOINT WARNING * * *
The orc wizard freezes you.
You die...

#...##### #..# #.
#.......# #..# #.
#.#.###.# #..###. ##.#.#
#.# #...... #..#.# #.#
#..###.
##..#.###.####..# #.
#!.....##.#.##..# #.
#####...............# #.
......o@...##.#.##.## #.
......#)#####.#.##.####.
.....##.# #.#.##......
..... #.# #.#.########
#.#. #.# #.#.# . # #.#
#.#.# #.# #.#.# ... #.#
.#### #.#


You could see an orc wizard.

Vanquished Creatures
  An orc warrior (D:4)
  A phantom (D:4)
  An ogre (D:4)
  A scorpion (D:4)
  A crimson imp (D:5)
  2 hounds (D:4)
  An orc priest (D:3)
  3 orc wizards
  4 gnolls (D:3)
  5 adders
  2 oozes
  7 worms
  4 dart slugs
  3 giant geckos
  9 orcs
  2 bats (D:2)
  2 giant cockroaches (D:2)
  3 hobgoblins
  2 quokkas
  A ball python (D:1)
  6 giant newts
  4 goblins
  5 kobolds
  5 rats
75 creatures vanquished.

Notes
Turn   | Place    | Note
--------------------------------------------------------------
     0 | D:1      | helerian the Minotaur Berserker began the quest for the Orb.
     0 | D:1      | Reached XP level 1. HP: 19/19 MP: 0/0
   524 | D:1      | Reached XP level 2. HP: 20/27 MP: 1/1
  1063 | D:2      | Reached XP level 3. HP: 17/33 MP: 2/2
  1338 | D:2      | Found a radiant altar of Vehumet.
  1481 | D:2      | Reached ** piety under Trog
  1757 | D:3      | Reached XP level 4. HP: 36/40 MP: 3/3
  1833 | D:3      | Reached skill level 3 in Armour
  2004 | D:3      | Reached skill level 1 in Throwing
  2128 | D:3      | Reached XP level 5. HP: 46/46 MP: 4/4
  2143 | D:3      | Reached skill level 5 in Axes
  2647 | D:3      | You fall through a shaft for 3 floors!
  2647 | D:6      | Noticed Grinder
  2656 | D:5      | Entered Level 5 of the Dungeon
  2658 | D:5      | Reached skill level 4 in Armour
  2662 | D:5      | Reached XP level 6. HP: 53/53 MP: 5/5
  2724 | D:4      | Got a faintly humming ring mail
  2735 | D:4      | Reached skill level 1 in Stealth
  2738 | D:4      | Reached skill level 5 in Armour
  2774 | D:3      | Identified the +7 ring mail "Vybeer" {*Drain Int+8 Slay-3 SInv} (You found it on level 4 of the Dungeon)
  2839 | D:4      | Reached *** piety under Trog
  2839 | D:4      | Reached XP level 7. HP: 46/60 MP: 6/6
  3001 | D:4      | Reached skill level 1 in Shields
  3007 | D:4      | Reached skill level 6 in Armour
  3018 | D:4      | HP: 1/60 [orc wizard/dagger of freezing (3)]
  3018 | D:4      | Slain by an orc wizard

Skill      XL: |  1  2  3  4  5  6  7 |
---------------+----------------------+-----
Fighting       | 4 |  4.6
Axes           | 4 5 |  5.9
Armour         | 3 4 5 6 |  6.0
Throwing       | 1 2 |  2.1
Dodging        | 3 4 |  4.3
Stealth        | 1 |  1.0
Shields        | 1 |  1.2

Action                   |  1- 3 |  4- 6 |  7- 9 || total
-------------------------+-------+-------+-------++-------
Melee: Hand axe          |    91 |    62 |    41 ||   194
       Headbutt          |    19 |    14 |     8 ||    41
Throw: Stone             |    32 |       |       ||    32
       Throwing net      |       |     2 |       ||     2
Invok: Berserk           |     1 |     3 |     1 ||     5
       Trog's Hand       |       |     1 |     1 ||     2
       Burn Spellbooks   |       |     1 |       ||     1
  Use: Scroll            |     2 |     3 |     1 ||     6
  Eat: Bread ration      |     1 |       |       ||     1
       Meat ration       |       |     1 |       ||     1
       Beef jerky        |       |     1 |       ||     1
Armor: Animal skin       |     4 |       |       ||     4
       Leather armour    |    16 |     1 |       ||    17
       Scale mail        |       |    17 |    14 ||    31
Dodge: Dodged            |    48 |    42 |    15 ||   105
Block: Buckler           |       |     3 |     5 ||     8
